 Dungeon Crawl Stone Soup version 0.21.0-3-g78d12a8 (webtiles) character file.

37 theanonym the Chopper (level 3, -4/30 HPs)
             Began as a Draconian Gladiator on Jan 13, 2018.
             Slain by Crazy Yiuf
             ... wielding a +3 quarterstaff of chaos
              (5 damage)
             ... on level 2 of the Dungeon.
             The game lasted 00:02:15 (1341 turns).

theanonym the Chopper (Draconian Gladiator)         Turns: 1341, Time: 00:02:16

Health: -4/30      AC:  5    Str: 17    XL:     3   Next: 21%
Magic:  3/3        EV:  2    Int:  8    God:
Gold:   128        SH:  0    Dex: 12    Spells: 2/2 levels left

rFire    . . .     SeeInvis .   a - +1 war axe
rCold    . . .     Gourm    .   (no shield)
rNeg     + + +     Faith    .   (armour unavailable)
rPois    ∞         Spirit   .   b - +0 hat
rElec    .         Reflect  .   (no cloak)
rCorr    .         Harm     .   (no gloves)
MR       .....                  (no boots)
Stlth    +.........             (no amulet)
HPRegen  0.10/turn              (no ring)
MPRegen  0.08/turn              (no ring)

@: petrified, slowed
A: unfitting armour, cold-blooded, AC +5
a: no special abilities


Innate Abilities, Weirdness & Mutations

Your plain brown scales are hard. (AC +5)
You cannot fit into any form of body armour.
You are cold-blooded and may be slowed by cold attacks.


   Skills:
 + Level 2.9 Fighting
 * Level 4.0 Axes
 - Level 1.7 Throwing
 - Level 2.6 Dodging


You had 2 spell levels left.
You didn't know any spells.

Skill      XL: |  1  2  3 |
---------------+----------+-----
Axes           | 4 |  4.0
Fighting       | |  2.9
Throwing       | |  1.7
Dodging        | |  2.6

Action                   || total
-------------------------++-------
Melee: War axe           ||    53
       Tailslap          ||     8
Throw: Throwing net      ||     1
  Use: Scroll            ||     2
 Stab: Sleeping          ||     1
  Eat: Chunk             ||     1
Armor: Skin              ||    18
Dodge: Dodged            ||    42

Inventory:

Hand Weapons
 a - a +1 war axe (weapon)
Missiles
 c - 2 throwing nets (quivered)
Armour
 b - a +0 hat (worn)
Scrolls
 d - a scroll of enchant weapon
 g - a scroll of blinking {unknown}
 j - a scroll of remove curse
 k - a scroll of magic mapping {unknown}
 l - a scroll of identify {unknown}
 m - a scroll of enchant armour {unknown}
 s - a scroll of fog {unknown}
Potions
 h - a potion of flight {unknown}
 i - a potion of curing
 n - 2 potions of lignification {unknown}
 o - a potion of heal wounds {unknown}
 p - a potion of ambrosia {unknown}
 q - a potion of might {unknown}
 r - a potion of brilliance {unknown}
Comestibles
 e - 7 rations


You were on level 2 of the Dungeon.
You were not hungry.

You visited 1 branch of the dungeon, and saw 2 of its levels.

You collected 128 gold pieces.

Dungeon Overview and Level Annotations

Branches:
Dungeon (2/15)

Altars:

Annotations:
D:2 Crazy Yiuf

########.#.# ##..##
#.#.....>... .........#.#
♣P..P♣ #...........
####....##.# ♣♣.P.♣
#.##........ #....##.# ♣♣.♣♣
#<.......... ####.......# ♣♣.♣
##.......... ........#### ♣.♣♣
#....>...... .......#...# ♣♣.♣
##.......... ....##.#.#.# ♣.♣♣
###........ ....##.#...# #@#
####........ ....##.###.#
#.g.# #........... ....##.#
#.# #...# #######.....
....##.# #.# #)..#
#.....###... ....##.###.#
##### #.......#...
....##.....# #.......####
....######.###########.......#
##### #......##...........#
#......###..........#


You could see Crazy Yiuf.

Notes
Turn   | Place    | Note
-------+----------+-------------------------------------------
     0 | D:1      | theanonym the Draconian Gladiator began the quest for the Orb.
     0 | D:1      | Reached XP level 1. HP: 17/17 MP: 1/1
   132 | D:1      | Reached XP level 2. HP: 25/25 MP: 2/2
   921 | D:2      | theanonym: !stats drgl
   921 | D:2      | beem: Starting stats for DrGl: Str 16 Int 8 Dex 12. Stat gain: sid/4
   921 | D:2      | Reached XP level 3. HP: 30/30 MP: 3/3
  1189 | D:2      | Reached skill level 4 in Axes
  1238 | D:2      | Found a runed door.
  1331 | D:2      | Noticed Crazy Yiuf
  1339 | D:2      | HP: 15/30 [Crazy Yiuf/quarterstaff of chaos (1)]
  1340 | D:2      | HP: 6/30 [Crazy Yiuf/quarterstaff of chaos (4)]
  1340 | D:2      | HP: 2/30 [Crazy Yiuf/quarterstaff of chaos (4)]
  1341 | D:2      | Slain by Crazy Yiuf

Vanquished Creatures
  An ooze (D:1)
  2 dart slugs (D:1)
  2 leopard geckos
  A giant cockroach (D:2)
  A goblin (D:2)
  A hobgoblin (D:2)
  4 jackals (D:1)
  5 kobolds (D:1)
  A quokka (D:2)
  3 bats
  A frilled lizard (D:2)
  2 rats
24 creatures vanquished.

Table legend:
 A = Turns spent in this place as a percentage of turns spent in the entire game.
 B = Non-inter-level travel turns spent in this place as a percentage of non-inter-level travel turns spent in the entire game.
 C = Inter-level travel turns spent in this place as a percentage of turns spent in this place.
 D = Turns resting spent in this place as a percentage of non-inter-level travel turns spent in this place.
 E = Turns spent auto-exploring this place as a percentage of non-inter-level travel turns spent in this place.
 F = Non-inter-level travel turns spent in this place divided by the number of levels of this place that you've seen.
                   A       B       C       D       E      F
               +-------+-------+-------+-------+-------+----------------------
         Total | 100.0 | 100.0 |   0.6 |   0.0 |  88.8 | 666.5
       Dungeon | 100.0 | 100.0 |   0.6 |   0.0 |  88.8 | 666.5
               +-------+-------+-------+-------+-------+----------------------
